 Dungeon Sprint DCSS version 0.16-b1 (webtiles) character file.

761 Medar the Prestidigitator (level 7, -12/68 HPs)
             Began as a White Draconian Artificer on Mar 6, 2015.
             Was a Follower of Cheibriados.
             Mangled by a centaur warrior (14 damage)
             ... in the Dungeon (Sprint I: "Red Sonja").
             The game lasted 00:04:10 (343 turns).

Medar the Prestidigitator (DrAr)                     Turns: 343, Time: 00:04:10

Health: -12/68     AC:  6    Str: 19    XL:     7   Next: 51%
Magic:  17/18      EV: 17    Int: 15    God:    Cheibriados [*.....]
Gold:   317        SH:  0    Dex: 16    Spells: 0 memorised, 6 levels left

rFire  . . .     SeeInvis .     m - +2 dagger (drain)
rCold  + . .     Clarity  .     (armour unavailable)
rNeg   . . .     SustAb   .     (no shield)
rPois  .         Gourm    .     (helmet restricted)
rElec  .         Spirit   .     (no cloak)
rCorr  .         Warding  .     (no gloves)
rMut   .         NoTele   +     (no boots)
MR     .....                    (no amulet)
Stlth  ++........               (no ring)
                                (no ring)

@: short of breath, very slow, not resistant to hostile enchantments, unstealthy
A: breathe frost, unfitting armour, cold resistance 1, strong 1, cold-blooded,
AC +6
a: Breathe Frost, Bend Time, Renounce Religion


You were in the Dungeon.
You worshipped Cheibriados.
Cheibriados was aware of your devotion.
You were not hungry.

You visited 1 branch You collected 317 gold pieces.

Inventory:

Hand weapons
 a - a +0 short sword
 h - a cursed -3 blowgun
 m - a +2 dagger of draining (weapon)
 n - a +0 dagger of distortion
Missiles
 o - 5 curare-tipped needles
Magical devices
 b - a wand of flame (12)
 c - a wand of enslavement (7)
 d - a wand of random effects (0)
 e - a wand of confusion (0)
Scrolls
 l - a scroll of blinking
Potions
 i - a potion of haste
 j - 2 potions of magic
 k - a potion of berserk rage {!q}
Comestibles
 f - a bread ration


   Skills:
 + Level 8.2 Fighting
 * Level 8.9 Short Blades
 + Level 7.1 Dodging
 - Level 0.8 Stealth
 * Level 10.6 Evocations


You had 6 spell levels left.
You didn't know any spells.

Dungeon Overview and Level Annotations

Branches:
Dungeon (1/1)

Altars:
Cheibriados
Dithmenos
Elyvilon
Fedhas
Gozag
Kikubaaqudgha
Makhleb
Nemelex Xobeh
Okawaru
Qazlal
Ru
Sif Muna
Vehumet
Xom
Yredelemnul
Zin
The Shining One
Jiyva

Shops:
D (


Innate Abilities, Weirdness & Mutations

You can breathe waves of freezing cold.
You can buffet flying creatures when you breathe cold.
Your icy white scales are hard (AC +6).
Your body does not fit into most forms of armour.
Your flesh is cold resistant.
Your cold-blooded metabolism reacts poorly to cold.
Your muscles are strong. (Str +2)


Message History

Okay, then.
Use which ability? (? or * to list)
Okay, then.
Drink which item? (? for menu, Esc to quit)
Okay, then.
Evoke which item? (* to show all) (? for menu, Esc to quit)
Zapping:
c - a wand of enslavement (9)
Press: ? - help, Shift-Dir - straight line, f/p - centaur warrior
Aim: a centaur warrior (lightly wounded, chance 50%)
The centaur warrior resists with some effort.
This wand has 8 charges left.
The centaur warrior completely misses you.
The centaur warrior misses you.
Evoke which item? (* to show all) (? for menu, Esc to quit)
Zapping:
c - a wand of enslavement (8)
Press: ? - help, Shift-Dir - straight line, f/p - centaur warrior
Aim: a centaur warrior (lightly wounded, chance 50%)
The centaur warrior resists with some effort.
This wand has 7 charges left.
The centaur warrior hits you!
You die...

###################
#<.#..')....[..#__#
#..'..#.)'..#..'..+
#..#####'#####c#__# ##
#..# #..#..(#(####(§#
#..#__####..##)#§§§.§#
#..#_..__##(#..§§≈§§§+
#⌠⌠#_.∩...'.c)_#≈§§.§#
####_..._##@.#'##+####


____ ##'#(# ### #.### $.$ $.$# ##.## #+# You could see a centaur warrior.

Vanquished Creatures
  A slime creature (D)
  Sigmund (D)
  A jelly (D)
3 creatures vanquished.

Vanquished Creatures (collateral kills)
  A centaur warrior (D)
  Sonja (D)
  An ogre (D)
3 creatures vanquished.

Vanquished Creatures (others)
  A yak (D)
  Ijyb (D)
2 creatures vanquished.

Grand Total: 8 creatures vanquished

Notes
Turn   | Place    | Note
--------------------------------------------------------------
     0 | D        | Medar, the Draconian Artificer, began the quest for the Orb.
     0 | D        | Reached XP level 1. HP: 16/16 MP: 1/1
     1 | D        | Noticed Ijyb
     8 | D        | Noticed an ogre
    18 | D        | Killed an ogre
    18 | D        | Reached skill level 7 in Evocations
    18 | D        | Reached XP level 2. HP: 23/23 MP: 2/4
    18 | D        | Reached XP level 3. HP: 28/28 MP: 3/6
    22 | D        | Noticed Sigmund
    39 | D        | Killed Sigmund
    39 | D        | Reached XP level 4. HP: 18/40 MP: 7/9
    77 | D        | Found a snail-covered altar of Cheibriados.
    77 | D        | Found a viscous altar of Jiyva.
    77 | D        | Found a shadowy altar of Dithmenos.
    77 | D        | Found a blossoming altar of Fedhas.
    77 | D        | Noticed a slime creature
    94 | D        | Ijyb (ally) was killed
    94 | D        | Your ally died
    98 | D        | Killed a slime creature
    98 | D        | Reached skill level 5 in Short Blades
    98 | D        | Reached skill level 5 in Dodging
    98 | D        | Reached XP level 5. HP: 29/51 MP: 11/11
   231 | D        | Became a worshipper of Cheibriados the Contemplative
   233 | D        | Found a deep blue altar of Sif Muna.
   233 | D        | Noticed a jelly
   236 | D        | Killed a jelly
   236 | D        | Reached skill level 8 in Evocations
   236 | D        | Reached XP level 6. HP: 58/58 MP: 14/14
   237 | D        | Found a radiant altar of Vehumet.
   293 | D        | Found Bacesh's Weapon Emporium.
   293 | D        | Found a white marble altar of Elyvilon.
   293 | D        | Found a burning altar of Makhleb.
   293 | D        | Found a sacrificial altar of Ru.
   293 | D        | Found a glowing golden altar of the Shining One.
   293 | D        | Found an opulent altar of Gozag.
   293 | D        | Found a glowing silver altar of Zin.
   293 | D        | Noticed a yak
   296 | D        | Noticed Sonja
   297 | D        | Found a stormy altar of Qazlal.
   297 | D        | Found a basalt altar of Yredelemnul.
   297 | D        | Found a sparkling altar of Nemelex Xobeh.
   297 | D        | Found a shimmering altar of Xom.
   297 | D        | Found an ancient bone altar of Kikubaaqudgha.
   299 | D        | a yak (ally) was killed
   305 | D        | Noticed a centaur warrior
   307 | D        | Noticed a centaur warrior
   325 | D        | Killed Sonja
   325 | D        | Reached skill level 9 in Evocations
   326 | D        | Found an iron altar of Okawaru.
   333 | D        | Killed a centaur warrior
   333 | D        | Acquired Cheibriados' first power
   333 | D        | Reached skill level 10 in Evocations
   333 | D        | Your scales start taking on an icy white colour.
   333 | D        | Gained mutation: Your flesh is cold resistant. [draconian maturity]
   333 | D        | Reached XP level 7. HP: 41/68 MP: 16/18
   341 | D        | Gained mutation: Your muscles are strong. (Str +2) [potion of beneficial mutation]
   341 | D        | HP: 1/68 [centaur warrior (13)]
   343 | D        | Mangled by a centaur warrior

Action                   |  1- 3 |  4- 6 |  7- 9 || total
-------------------------+-------+-------+-------++-------
Melee: Short sword       |       |     1 |       ||     1
       Dagger            |       |     4 |       ||     4
 Abil: Breathe Frost     |       |       |     1 ||     1
Evoke: Wand              |     5 |    19 |     2 ||    26
  Use: Potion            |     1 |     1 |     1 ||     3
